 Dungeon Crawl Stone Soup version 0.29.1-15-g9cfb28693d (webtiles) character file.

Game seed: 1316864777144407004

389 Eitelfritz the Chopper (level 6, -2/53 HPs)
             Began as a Hill Orc Fighter on Apr 15, 2023.
             Was an Initiate of the Shining One.
             Splashed by a jelly's acid (4 damage)
             ... on level 5 of the Dungeon.
             The game lasted 00:05:56 (3375 turns).

Eitelfritz the Chopper (Hill Orc Fighter)           Turns: 3375, Time: 00:05:57

Health: -2/53      AC:  5    Str: 21    XL:     6   Next: 79%
Magic:  6/6        EV:  9    Int:  8    God:    the Shining One [......]
Gold:   187        SH:  4    Dex: 10    Spells: 5/5 levels left

rFire   . . .      SeeInvis .   a - +0 war axe
rCold   . . .      Faith    .   c - +0 buckler
rNeg    . . .      Spirit   .   m - +0 scale mail
rPois   .          Reflect  .   q - +0 helmet
rElec   .          Harm     .   k - +0 cloak
rCorr   .          Rampage  .   (no gloves)
Will    .....                   (no boots)
Stlth   ..........              (no amulet)
HPRegen 0.17/turn               (no ring)
MPRegen 0.10/turn               (no ring)

@: corroded, glowing
A: no striking features
a: Renounce Religion


You were on level 5 of the Dungeon.
You worshipped the Shining One.
The Shining One was noncommittal.
You visited 1 branch of the dungeon, and saw 5 of its levels.

You collected 187 gold pieces.

Inventory:

Hand Weapons
 a - a +0 war axe (weapon)
 b - a +0 sling
 g - a +0 flail
 A - a +0 whip of flaming
Missiles
 t - 3 boomerangs (quivered)
Armour
 c - a +0 buckler (worn)
 k - a +0 cloak (worn)
 m - a +0 scale mail (worn)
 q - a +0 helmet (worn)
 u - an orb of light
Wands
 x - a wand of light (3)
 z - a wand of roots (9)
Scrolls
 e - 5 scrolls of identify {unknown}
 f - 2 scrolls of teleportation {unknown}
 h - 2 scrolls of magic mapping {unknown}
 i - 2 scrolls of noise {unknown}
 j - 2 scrolls of amnesia {unknown}
 r - a scroll of poison {unknown}
 s - a scroll of butterflies {unknown}
 v - a scroll of blinking {unknown}
 w - a scroll of vulnerability {unknown}
 y - a scroll of torment {unknown}
Potions
 d - 5 potions of might
 l - a potion of heal wounds {unknown}
 n - a potion of lignification {unknown}
 o - a potion of resistance {unknown}
 p - a potion of curing {unknown}


   Skills:
 + Level 4.6 Fighting
 + Level 6.5 Axes
 + Level 4.4 Armour
 + Level 1.0 Dodging
 + Level 0.5 Stealth
 + Level 4.3 Shields


You had 5 spell levels left.
You didn't know any spells.
Your spell library contained the following spells:

 Spells                   Type           Power      Damage    Failure   Level
 Frozen Ramparts          Ice            0%         1d1       99%         3
 Ozocubu's Armour         Ice            0%         N/A       99%         3
 Ice Form                 Ice/Tmut       0%         N/A       100%        4
 Summon Ice Beast         Ice/Summ       0%         N/A       100%        4
 Ozocubu's Refrigeration  Ice            0%         4d7       100%        7


Dungeon Overview and Level Annotations

Branches:
Dungeon (5/15)
 Temple: D:4-7

Altars:
Kikubaaqudgha
Qazlal
The Shining One


Message History

The scorpion is moderately wounded.
The scorpion stings you but does no damage.
The scorpion stings you.
You barely miss the scorpion.
The scorpion is moderately wounded.
The scorpion stings you.
You hit the scorpion.
The scorpion is heavily wounded.
The scorpion stings you. x2
You hit the scorpion but do no damage.
The scorpion is heavily wounded.
The scorpion closely misses you.
You hit the scorpion.
The scorpion is almost dead.
You block the scorpion's attack. x2
You closely miss the scorpion.
The scorpion is almost dead.
The scorpion stings you.
You slash the scorpion!
You kill the scorpion!
Your Dodging skill increases to level 1!
You see here a +0 whip of flaming.
A - a +0 whip of flaming A jelly comes into view.
Found 6 poisoned darts.
You hit the jelly but do no damage. The acid corrodes you!
Your hands burn!
The jelly hits you.
You are splashed with acid!
You barely miss the jelly. The jelly hits you but does no damage.
You hit the jelly.
Your hands burn!
The jelly is lightly wounded.
The jelly hits you but does no damage. The jelly hits you.
* * * LOW HITPOINT WARNING * * *
You are splashed with acid!
* * * LOW HITPOINT WARNING * * *
You hit the jelly.
Your hands burn!
* * * LOW HITPOINT WARNING * * *
The jelly is moderately wounded.
You block the jelly's attack.
You hit the jelly.
Your hands burn!
You die...

#....(... #.........#
#.........#
.#####.........#
...............#
#.............# ###.
#.....#.....###.....
#.#@#.....#...#...
#.J.......<.......
........#.............
######.##......###.#..
#. #.....## # #.
#.........
..........#...
#.##........#.. #.
.#.#...... .


You could see a jelly.

Vanquished Creatures
  A scorpion (D:5)
  An orc priest (D:3)
  A jelly (D:3)
  Natasha (thrice) (D:4)
  An iguana (D:2)
  Robin (D:2)
  A gnoll (D:1)
  3 adders
  2 worms
  2 dart slugs
  11 orcs
  5 ball pythons
  5 bats
  7 endoplasms
  6 giant cockroaches
  16 goblins
  7 hobgoblins
  5 jackals (D:1)
  9 kobolds
  5 quokkas
  4 frilled lizards
  6 rats
102 creatures vanquished.

Notes
Turn   | Place    | Note
-------+----------+-------------------------------------------
     0 | D:1      | Eitelfritz the Hill Orc Fighter began the quest for the
                  | Orb.
     0 | D:1      | Reached XP level 1. HP: 19/19 MP: 1/1
    47 | D:1      | Reached XP level 2. HP: 27/27 MP: 2/2
   332 | D:1      | Reached skill level 3 in Axes
   333 | D:1      | Reached XP level 3. HP: 18/33 MP: 3/3
   728 | D:1      | Found a faded altar of an unknown god.
  1358 | D:2      | Reached XP level 4. HP: 20/40 MP: 4/4
  1362 | D:2      | Reached skill level 4 in Axes
  1583 | D:2      | Found an ancient bone altar of Kikubaaqudgha.
  1583 | D:2      | Noticed Robin
  1605 | D:2      | Killed Robin
  1910 | D:3      | Reached XP level 5. HP: 41/46 MP: 5/5
  2099 | D:3      | Reached skill level 5 in Axes
  2527 | D:4      | Reached XP level 6. HP: 50/52 MP: 6/6
  2588 | D:4      | Found a stormy altar of Qazlal.
  2590 | D:4      | Noticed an air elemental
  2591 | D:4      | Noticed a water elemental
  2591 | D:4      | Noticed a fire elemental
  2872 | D:4      | Identified the +7 quarterstaff "Qajaiclu" {spect, Contam
                  | rElec rN+++ Str-5}
  2875 | D:4      | Found a glowing golden altar of the Shining One.
  2890 | D:4      | Became a worshipper of the Shining One
  2961 | D:4      | Noticed Natasha
  2969 | D:4      | Killed Natasha
  2970 | D:4      | Reached skill level 6 in Axes
  3097 | D:4      | Noticed Natasha
  3104 | D:4      | Killed Natasha
  3202 | D:4      | Noticed Natasha
  3210 | D:4      | Killed Natasha
  3343 | D:5      | Entered Level 5 of the Dungeon
  3363 | D:5      | Reached skill level 1 in Dodging
  3374 | D:5      | HP: 2/53 [acid (5)]
  3375 | D:5      | Splashed by a jelly's acid

Illustrated notes

Levels and vault maps discovered:
D:1:      mrwooster_arrival_statue, layout_loops_corners,
          hellmonk_ecumenical_altar_dog_temple
D:2:      layout_rooms, basic_altar, uniq_robin
D:3:      layout_rooms
D:4:      layout_loops_ring, nicolae_qazlal_style_of_elements,
          lemuel_round_altar, uniq_natasha
D:5:      layout_rooms, gammafunk_temple_overflow_pools,
          chequers_ossuary_entry_cave, nicolae_wormholes

Skill      XL: |  1  2  3  4  5  6 |
---------------+-------------------+-----
Axes           | 3 4 5 6 |  6.5
Fighting       | 4 |  4.6
Shields        | 4 |  4.3
Armour         | 4 |  4.4
Dodging        | 1 |  1.0
Stealth        | |  0.5

Action                   |  1- 3 |  4- 6 || total
-------------------------+-------+-------++-------
Melee: War axe           |   115 |   146 ||   261
Armor: Scale mail        |    79 |    70 ||   149
Dodge: Dodged            |    70 |    56 ||   126
Block: Buckler           |    42 |    31 ||    73
